 Dungeon Crawl Stone Soup version 0.30.1-9-gdf580d7c3d (webtiles) character file.

Game seed: 1149562099043424250

19 Zonian the Magician (level 2, 0/15 HPs)
             Began as a Deep Elf Hedge Wizard on Oct 5, 2023.
             Slain by a worm (11 damage)
             ... on level 2 of the Dungeon.
             The game lasted 00:02:19 (1483 turns).

Zonian the Magician (Deep Elf Hedge Wizard)         Turns: 1483, Time: 00:02:20

Health: 0/15       AC:  3    Str:  7    XL:     2   Next: 55%
Magic:  3/9        EV: 12    Int: 20    God:
Gold:   88         SH:  0    Dex: 14    Spells: 9/10 levels left

rFire   + . .        t - staff of fire "Nuqohoud" {rF+ rN+ Int+2 SInv}
rCold   . . .        (no shield)
rNeg    + . .        b - +0 robe
rPois   +            c - +0 hat
rElec   .            l - +0 cloak
rCorr   .            (no gloves)
SInv    +            (no boots)
Will    .....        (no amulet)
Stlth   ++           s - ring of poison resistance
HPRegen 0.22/turn    (no ring)
MPRegen 0.11/turn

%: no passive effects
@: no status effects
A: no striking features
a: no special abilities


You were on level 2 of the Dungeon.
You visited 1 branch of the dungeon, and saw 2 of its levels.

You collected 88 gold pieces.

Inventory:

Hand Weapons
 a - a +0 dagger
Armour
 b - a +0 robe (worn)
 c - a +0 hat (worn)
 l - a +0 cloak (worn)
Magical Staves
 t - the staff of fire "Nuqohoud" (weapon) {rF+ rN+ Int+2 SInv}
   (You found it on level 2 of the Dungeon)

   [staff of fire]

   Base accuracy: +5 Base damage: 5 Base attack delay: 1.2 This weapon's minimum
   attack delay (0.6) is reached at skill level 12.
   Int:       It affects your intelligence (+2).
   rF:        It protects you from fire.
   rN:        It protects you from negative energy.
   SInv:      It lets you see invisible.
   It falls into the 'Staves' category.
   It is a one-handed weapon.
Jewellery
 s - a ring of poison resistance (left hand)
Scrolls
 e - 2 scrolls of poison {unknown}
 f - a scroll of magic mapping {unknown}
 k - a scroll of immolation {unknown}
 m - 2 scrolls of teleportation {unknown}
 o - a scroll of fear {unknown}
 q - a scroll of enchant weapon {unknown}
 r - a scroll of vulnerability {unknown}
 u - a scroll of amnesia {unknown}
Potions
 d - a potion of magic
 g - 2 potions of attraction {unknown}
 h - 2 potions of mutation {unknown}
 i - a potion of curing {unknown}
 j - 2 potions of berserk rage {unknown}
 n - 2 potions of flight {unknown}
 p - a potion of heal wounds {unknown}


   Skills:
 + Level 2.7 Dodging
 + Level 2.8 Stealth
 + Level 4.6 Spellcasting
 + Level 1.4 Conjurations
 + Level 1.4 Summonings
 + Level 1.5 Translocations


You had 9 spell levels left.
You knew the following spells:

 Your Spells              Type           Power      Damage    Failure   Level
a - Magic Dart            Conj           40%        1d5       7%          1

Your spell library contained the following spells:

 Spells                   Type           Power      Damage    Failure   Level
 Blink                    Tloc           20%        N/A       10%         2
 Call Imp                 Summ           20%        N/A       10%         2
 Slow                     Hex            16%        N/A       12%         1
 Cigotuvi's Dreadful Rot  Necr/Pois/Air  8%         N/A       19%         2
 Mephitic Cloud           Conj/Pois/Air  6%         N/A       30%         3
 Animate Armour           Summ/Erth      14%        N/A       65%         4
 Blade Hands              Tmut           2%         N/A       98%         5
 Iron Shot                Conj/Erth      3%         9d2       100%        6


Dungeon Overview and Level Annotations

Branches:
Dungeon (2/15)

Altars:


Message History

You feel clever.
t - the staff of fire "Nuqohoud" (weapon)
{rF+ rN+ Int+2 SInv} Unknown command.
Unknown command.
u - a scroll labelled ZATWYJU COUFAZYO A worm comes into view.
Unknown command.
The magic dart hits the worm.
The worm is moderately wounded.
The magic dart hits the worm.
The worm is heavily wounded.
The magic dart hits the worm.
The worm is heavily wounded.
The magic dart hits the worm but does no damage.
The worm is heavily wounded.
Unknown command.
The magic dart hits the worm.
The worm is severely wounded.
The magic dart hits the worm.
The worm is severely wounded.
The magic dart hits the worm.
The worm is almost dead.
Unknown command.
You barely miss the worm.
The worm is severely wounded.
The worm bites you.
You barely miss the worm.
The worm is severely wounded.
The worm barely misses you.
You hit the worm but do no damage.
The worm is severely wounded.
Unknown command.
You hit the worm.
The worm is almost dead.
The worm barely misses you.
You completely miss the worm.
The worm is severely wounded.
The worm bites you!
Ouch! That really hurt!
You die...

##.## ########.#.##
..........#.#######
########..........#
#########.#######.#
.......#### #.#
######.# #.# #
########.###### #
......w@........ #
#######.######## #
#.. # #### # ####
...########
........†..
##.########


You could see a worm.

Vanquished Creatures
  3 endoplasms (D:1)
  A giant cockroach (D:1)
  A goblin (D:1)
  2 hobgoblins (D:1)
  2 jackals (D:1)
  A quokka (D:1)
  2 bats (D:1)
  3 frilled lizards
  2 kobolds (D:1)
  A rat (D:1)
18 creatures vanquished.

Notes
Turn   | Place    | Note
-------+----------+-------------------------------------------
     0 | D:1      | Zonian the Deep Elf Hedge Wizard began the quest for the
                  | Orb.
     0 | D:1      | Reached XP level 1. HP: 10/10 MP: 7/7
   454 | D:1      | Reached XP level 2. HP: 15/15 MP: 7/9
  1435 | D:2      | Identified the staff of fire "Nuqohoud" {rF+ rN+ Int+2
                  | SInv}
  1483 | D:2      | Slain by a worm

Illustrated notes

Levels and vault maps discovered:
D:1:      sevenhm_arrival_forest_fort_large_2, layout_loops_ring, minmay_vboxes
D:2:      layout_loops_ring, eino_curves_01

Action                     || total
---------------------------++-------
  Melee: Dagger            ||     9
         Staff             ||     5
   Cast: Magic Dart        ||    46
 Armour: Robe              ||     7
  Dodge: Dodged            ||    18
